AoeStats
← Leboeuf

Black Forest

510238361Analyzed
4v4 RM · 1d ago on Sep 30, 2026· 42m 22s· 8 players
Game mode
Random Map
Map size
Large (8 player)
Population
200
Speed
Normal
Resources
Standard
Victory
Conquest
Starting age
Dark Age
Ending age
Imperial Age
RankedLock teamsTeams togetherTeam positionsShared explorationLock speedFull tech treeHidden civsTurbo modeCheats
Victory
Defeat
🇨🇦 Celts · Canada
1132
+13
🇲🇽 Gurjaras · Mexico
1089
+14
🇧🇷 Khmer · Brazil
1079
+15
🇧🇷 Persians · Brazil
1064
+16
🇺🇾 Khmer · Uruguay
1092
-16
🇦🇷 Koreans · Argentina
1063
-15
🇵🇪 Inca · Peru
1062
-15
🇨🇱 Magyars · Chile
1009
-12
Dsaidm
10:46 Feudal Age
17:39 Castle Age
17:52 Double-Bit Axe
17:50 Horse Collar
18:43 Bow Saw
19:00 Heavy Plow
20:07 Loom
22:09 Wheelbarrow
25:28 Hand Cart
26:38 Stone Mining
26:39 Gold Mining
28:24 Gold Shaft Mining
30:02 Bloodlines
29:53 Husbandry
31:58 Fletching
32:14 Scale Barding Armor
32:09 Padded Archer Armor
35:07 Imperial Age
32:34 Bodkin Arrow
33:23 Thumb Ring
33:23 Corvinian Army
33:59 Chain Barding Armor
34:03 Ballistics
35:44 Pikeman
36:47 Heavy Cavalry Archer
40:20 Halberdier
40:28 Elite Magyar Huszar
Martuuu89
0:46 Loom
12:33 Feudal Age
18:38 Castle Age
17:22 Double-Bit Axe
28:58 Wheelbarrow
28:10 Town Watch
😎
0:31 Loom
13:42 Feudal Age
16:58 Double-Bit Axe
18:21 Horse Collar
18:25 Fishing Lines
21:10 Castle Age
18:57 Town Watch
20:10 Gold Mining
23:33 Gillnets
23:47 Heavy Plow
24:00 Bow Saw
26:00 Fortified Wall
30:09 Imperial Age
29:37 Gold Shaft Mining
31:20 Wheelbarrow
31:51 Block Printing
30:58 Capped Ram
33:58 Redemption
33:18 Siege Ram
34:14 Pikeman
34:54 Squires
Gyurkobeats
10:31 Feudal Age
15:16 Castle Age
13:27 Stone Mining
13:53 Horse Collar
14:47 Double-Bit Axe
16:44 Bow Saw
17:37 Loom
18:01 Heavy Plow
19:13 Gold Mining
20:28 Stone Shaft Mining
21:34 Wheelbarrow
23:07 Gold Shaft Mining
27:07 Hand Cart
28:09 Bloodlines
28:32 Scale Barding Armor
29:38 Chain Barding Armor
29:17 Fletching
33:37 Imperial Age
33:27 Redemption
33:31 Fervor
34:59 Plate Barding Armor
34:36 Forging
34:38 Elite Ballista Elephant
37:10 Town Watch
37:38 Husbandry
36:59 Light Cavalry
37:48 Bodkin Arrow
37:31 Onager
37:42 Heavy Scorpion
38:48 Conscription
38:32 Double Crossbow
38:35 Tusk Swords
DuLoz
11:11 Loom
13:23 Feudal Age
16:00 Wheelbarrow
19:02 Castle Age
23:05 Double-Bit Axe
25:39 Horse Collar
28:23 Fletching
29:02 Bodkin Arrow
30:28 Scale Barding Armor
37:04 Imperial Age
34:50 Heavy Plow
40:55 Bracer
42:41 Chemistry
42:05 Elite Ballista Elephant
leonardolozada06
12:09 Feudal Age
13:19 Loom
16:31 Castle Age
23:46 Wheelbarrow
26:27 Fletching
27:50 Gold Mining
27:29 Crossbowman
29:00 Hand Cart
29:40 Kamandaran
29:51 Horse Collar
31:00 Bodkin Arrow
31:14 Thumb Ring
31:27 Padded Archer Armor
34:33 Imperial Age
33:20 Ballistics
33:28 Heavy Plow
34:27 Leather Archer Armor
34:40 Forging
39:58 Scale Barding Armor
40:14 Citadels
41:29 Chain Barding Armor
41:45 Bloodlines
41:35 Husbandry
Leboeuf
8:04 Loom
10:45 Feudal Age
12:27 Double-Bit Axe
17:35 Castle Age
15:38 Horse Collar
18:35 Wheelbarrow
19:09 Heavy Plow
19:25 Bow Saw
19:14 Stone Mining
23:24 Hand Cart
24:36 Town Watch
25:04 Gold Mining
25:17 Arson
25:45 Forging
25:36 Scale Mail Armor
25:52 Fletching
30:31 Imperial Age
29:00 Chain Mail Armor
33:25 Conscription
35:44 Elite Woad Raider
37:01 Hoardings
35:54 Man-at-Arms
36:19 Gambesons
38:13 Furor Celtica
37:31 Capped Ram
39:59 Chemistry
39:12 Fortified Wall
38:57 Murder Holes
39:13 Masonry
39:09 Siege Engineers
38:56 Siege Ram
41:29 Iron Casting
41:25 Plate Mail Armor
42:21 Gold Shaft Mining
42:25 Stone Shaft Mining
Tlacaelel.MX
0:31 Loom
0:33 Loom
12:29 Feudal Age
14:24 Double-Bit Axe
20:22 Castle Age
18:25 Horse Collar
19:47 Stone Mining
20:56 Wheelbarrow
22:08 Fletching
22:38 Bow Saw
24:28 Heavy Plow
27:08 Town Watch
28:07 Hand Cart
31:57 Bloodlines
32:03 Gold Mining
34:50 Ballistics
35:46 Fortified Wall
36:45 Gold Shaft Mining
39:40 Imperial Age
37:23 Forging
37:33 Husbandry
37:41 Scale Barding Armor
37:20 Treadmill Crane
40:16 Chain Barding Armor
40:32 Iron Casting
40:18 Bodkin Arrow
41:26 Kshatriyas
41:14 Heavy Camel Rider
42:42 Caravan
Connection lost

Rejoining the realm…

Still unreachable

The connection could not be restored.

Session expired

The server has moved on; the page needs a fresh start.